 Dungeon Crawl Stone Soup version 0.29.0-7-g18a832c13a (webtiles) character file.

Game seed: 15648106217239527024

307 ProzacElf the Grave Robber (level 6, -3/47 HPs)
             Began as a Demonspawn Wanderer on Aug 30, 2022.
             Was a Follower of Ashenzari.
             Slain by a gnoll
             ... wielding a +0 halberd
              (11 damage)
             ... on level 3 of the Dungeon.
             The game lasted 00:11:22 (5004 turns).

ProzacElf the Grave Robber (Demonspawn Wanderer)    Turns: 5004, Time: 00:11:23

Health: -3/47      AC:  4    Str: 10    XL:     6   Next: 16%
Magic:  6/9        EV: 13    Int: 15    God:    Ashenzari [*.....]
Gold:   164        SH:  0    Dex: 15    Spells: 5/10 levels left

rFire   . . .      SeeInvis .   a - +0 short sword (elec)
rCold   . . .      Faith    .   (no shield)
rNeg    . . .      Spirit   .   n - +0 leather armour "Shattered Together" {Elem, Comp} (curse)
rPois   .          Reflect  .   (helmet restricted)
rElec   .          Harm     .   d - +0 cloak "At What Cost Knowledge?" {Cun, Self} (curse)
rCorr   .          Rampage  .   (no gloves)
Will    .....                   (no boots)
Stlth   ++........              (no amulet)
HPRegen 0.15/turn               (no ring)
MPRegen 0.11/turn               (no ring)

@: lethally poisoned (-3 -> -5)
A: horns 1, sturdy frame 1
a: Renounce Religion, Curse Item, Shatter the Chains


You were on level 3 of the Dungeon.
You worshipped Ashenzari.
Ashenzari was aware of your devotion.
You visited 1 branch of the dungeon, and saw 3 of its levels.

You collected 164 gold pieces.

Inventory:

Hand Weapons
 a - a +0 short sword of electrocution (weapon)
 b - a +0 rapier
 k - a +0 whip
 m - a +0 hand axe
 o - a +0 sling
 p - a +0 short sword
 u - a +0 spear
 w - a +0 dagger
 x - a +0 whip of draining
Missiles
 e - 2 throwing nets (quivered)
Armour
 c - a +0 robe
 d - the cursed +0 cloak "At What Cost Knowledge?" (worn) {Cun, Self}

   It has a curse which improves the following skills: Cunning: Dodging and
   Stealth.
   Introspection: Fighting and Spellcasting.
 n - the cursed +0 leather armour "Shattered Together" (worn) {Elem, Comp}
   (You found it on level 1 of the Dungeon)

   It has a curse which improves the following skills: Elements: Fire Magic, Ice
   Magic, Air Magic and Earth Magic.
   Companions: Summonings and Necromancy.
 q - a +0 ring mail
Wands
 r - a wand of charming (9)
Scrolls
 g - a scroll of blinking
 h - 6 scrolls of identify
 j - a scroll of butterflies
 l - a scroll of fear
 s - a scroll of enchant weapon
 v - a scroll of summoning
 y - a scroll of silence
Potions
 f - 2 potions of haste
 i - 2 potions of heal wounds
 t - a potion of attraction
 z - a potion of magic


   Skills:
 + Level 2.6(3.3) Fighting
 - Level 3.0 Throwing
 - Level 3.0(3.7) Dodging
 - Level 2.5(3.3) Stealth
 - Level 2.0(2.6) Spellcasting
 + Level 3.4(4.2) Necromancy
 - Level 2.6 Translocations


You had 5 spell levels left.
You knew the following spells:

 Your Spells              Type           Power      Damage    Failure   Level
a - Necrotise             Necr           56%        1d6       4%          1
b - Vampiric Draining     Necr           14%        2d7       12%         3
p - Apportation           Tloc           20%        N/A       8%          1

Your spell library contained the following spells:

 Spells                   Type           Power      Damage    Failure   Level
 Gell's Gravitas          Tloc           10%        N/A       22%         3
 Lesser Beckoning         Tloc           10%        N/A       22%         3
 Poisonous Vapours        Pois/Air       4%         N/A       32%         2
 Animate Dead             Necr           14%        N/A       36%         4
 Corpse Rot               Necr/Pois/Air  6%         N/A       77%         4
 Borgnjor's Vile Clutch   Necr/Erth      4%         N/A       95%         5
 Death Channel            Necr           7%         N/A       99%         6


Dungeon Overview and Level Annotations

Branches:
Dungeon (3/15)

Altars:
Ashenzari


Innate Abilities, Weirdness & Mutations

You have a pair of small horns on your head.
Your movements are slightly less encumbered by armour. (ER -2)


Message History

Tha gnoll barely resists.
Tha gnoll misses ye.
Ye now haf 5/9 mp.
Tha gnoll hits ye from afar wit' a +0 spear.
Tha gnoll closely misses ye.
Ye take 1 damage, an' haf 38/47 hp.
Ye hit tha gnoll but do nay damage.
Tha gnoll hits ye from afar wit' a +0 spear.
Tha gnoll closely misses ye.
Ye take 6 damage, an' haf 32/47 hp.
Ye closely miss tha gnoll.
Tha gnoll barely misses ye.
Tha gnoll closely misses ye.
Tha gnoll hits ye wit' a +2 whip o' venom.
Ye be poison'd.
Ye take 1 damage, an' haf 31/47 hp.
Ye feel sick.
Tha gnoll hits ye from afar wit' a +0 spear.
Tha gnoll closely misses ye.
Ye take 3 damage, an' haf 28/47 hp.
Ye feel sick.
Yer magical contamination has completely faded away.
Ye take 2 damage, an' haf 26/47 hp.
Ye hit tha gnoll.
Tha gnoll be moderately wounded.
Ye feel sick.
Tha gnoll hits ye from afar wit' a +0 spear.
Tha gnoll barely misses ye.
Tha gnoll misses ye.
Ye take 2 damage, an' haf 24/47 hp.
Ye barely miss tha gnoll.
Ye headbutt tha gnoll, but do nay damage.
Tha gnoll be moderately wounded.
Ye feel sick.
Tha gnoll closely misses ye.
Tha gnoll completely misses ye. x2
Ye take 2 damage, an' haf 22/47 hp.
Ye hit tha gnoll.
Tha gnoll be heavily wounded.
Ye feel sick.
Tha gnoll misses ye.
Tha gnoll hits ye from afar wit' a +0 halberd.
Tha gnoll hits ye wit' a +2 whip o' venom!
* * * LOW HITPOINT WARNIN'
* * * Tha gnoll hits ye from afar wit' a +0 halberd!
Ye die...

....#####........##.##.††.....##
........#....###.#...#.###......
........#..#.#).........)#.#.###
........#....###.#...#.###...#
........#.)......##.##.....###
.....g..##.##.#.........#...
.....:g.#.g##.g.g.#.#........ .(
..........#####g#.#.#.#.##......
####....######.@..###...# ....
.....####.............### ....
.### ###..........#..# ....
................#
###.............#
#...........### ###...........#
..............# ######.......#
#.


You could see 3 gnolls.

Vanquished Creatures
  A jelly (D:2)
  9 gnolls
  5 adders
  An ufetubus (D:3)
  3 dart slugs
  6 bats
  16 endoplasms
  3 giant cockroaches
  8 hobgoblins
  9 jackals (D:1)
  15 kobolds
  3 quokkas
  4 ball pythons
  3 frilled lizards
  5 goblins
  5 rats
96 creatures vanquished.

Vanquished Creatures (collateral kills)
  A jelly (D:2)
  An endoplasm (D:1)
  A goblin (D:2)
  A jackal (D:1)
  A frilled lizard (D:1)
  2 rats
7 creatures vanquished.

Vanquished Creatures (others)
  3 fungi (D:2)
  7 toadstools (D:2)
10 creatures vanquished.

Grand Total: 113 creatures vanquished

Notes
Turn   | Place    | Note
-------+----------+-------------------------------------------
     0 | D:1      | ProzacElf the Demonspawn Wanderer began the quest for the
                  | Orb.
     0 | D:1      | ProzacElf set off with the following items: a +0 dagger, a
                  | scroll of blinking, a +0 robe, a +0 cloak; and the
                  | following spells available to memorise: Apportation,
                  | Necrotise, Gell's Gravitas, Lesser Beckoning, Vampiric
                  | Draining.
     0 | D:1      | Reached XP level 1. HP: 15/15 MP: 3/3
   202 | D:1      | Learned a level 1 spell: Necrotise
   204 | D:1      | Learned a level 1 spell: Apportation
   399 | D:1      | Gained mutation: You have a pair of small horns on your
                  | head. [demonic ancestry]
   399 | D:1      | Reached XP level 2. HP: 21/21 MP: 1/5
   801 | D:1      | Reached skill level 1 in Stealth
   955 | D:1      | Reached skill level 1 in Throwing
   993 | D:1      | Gained mutation: Your movements are slightly less
                  | encumbered by armour. (ER -2) [demonic ancestry]
   993 | D:1      | Reached XP level 3. HP: 24/26 MP: 6/6
  1784 | D:1      | Found a faded altar of an unknown god.
  1791 | D:1      | Prayed at the altar of an unknown god.
  1791 | D:1      | Became a worshipper of Ashenzari the Shackled
  2169 | D:2      | Learned a level 3 spell: Vampiric Draining
  2184 | D:2      | Reached XP level 4. HP: 32/32 MP: 3/7
  3778 | D:2      | Reached XP level 5. HP: 30/36 MP: 8/8
  4607 | D:3      | Reached XP level 6. HP: 46/46 MP: 5/9
  4679 | D:3      | Reached * piety under Ashenzari
  5004 | D:3      | Slain by a gnoll

Illustrated notes

Levels and vault maps discovered:
D:1:      dpeg_arrival_simpleton_a, layout_basic,
          dilly_ecumenical_altar_fadedgnrine, minmay_liquid_box, minmay_cut_off
D:2:      cheibrodos_fertilizer, layout_basic, minmay_crystal_water,
          minmay_misc_feat_x, nicolae_kite_square_tiling_tiny,
          grunt_ministairs_2, minmay_split_cup_small
D:3:      layout_basic, minmay_fractal_squares_5

Skill      XL: |  1  2  3  4  5 |
---------------+----------------+-----
Dodging        | 3 |  3.0
Necromancy     | 2 3 |  3.4
Stealth        | 1 2 |  2.5
Throwing       | 1 2 3 |  3.0
Fighting       | 2 |  2.6
Spellcasting   | |  2.0
Translocations | |  2.6

Action                   |  1- 3 |  4- 6 || total
-------------------------+-------+-------++-------
Melee: Dagger            |    21 |       ||    21
       Punch             |     1 |       ||     1
       Short sword       |    67 |    97 ||   164
       Headbutt          |    14 |    31 ||    45
       Rapier            |    12 |    35 ||    47
 Cast: Necrotise         |    30 |    37 ||    67
Invok: Curse Item        |     1 |     1 ||     2
Evoke: Wand              |       |     1 ||     1
 Stab: Sleeping          |     3 |     6 ||     9
Armor: Robe              |    17 |       ||    17
       Leather armour    |     3 |    36 ||    39
Dodge: Dodged            |    67 |   108 ||   175
